 Dungeon Crawl Stone Soup version 0.28-a0-1447-ga5a8893891 (webtiles) character file.

Game seed: 12553743691185471625

171 fragbeetle the Cudgeller (level 5, -1/53 HPs)
             Began as a Troll Berserker on Jan 11, 2022.
             Was a Priest of Trog.
             Splashed by a jelly's acid (8 damage)
             ... on level 4 of the Dungeon.
             The game lasted 00:07:42 (2449 turns).

fragbeetle the Cudgeller (Troll Berserker)          Turns: 2449, Time: 00:07:43

Health: -1/53      AC: -12   Str: 31    XL:     5   Next: 26%
Magic:  4/4        EV: 10    Int:  5    God:    Trog [***...]
Gold:   240        SH:  0    Dex:  9    Spells: 4/4 levels left

rFire   + . .      SeeInvis .   a - +0 mace
rCold   . . .      Faith    .   (no shield)
rNeg    . . .      Spirit   .   b - +0 animal skin
rPois   .          Reflect  .   (helmet restricted)
rElec   .          Harm     .   (no cloak)
rCorr   .          Rampage  .   (gloves unavailable)
Will    .....                   (boots unavailable)
Stlth   +.........              (no amulet)
HPRegen 0.97/turn               e - ring of protection from fire
MPRegen 0.09/turn               k - +6 ring of strength

@: corroded
A: large, unfitting armour, claws 3, regeneration 1, shaggy fur 1, tough skin 1
a: Renounce Religion, Berserk, Trog's Hand


You were on level 4 of the Dungeon.
You worshipped Trog.
Trog was most pleased with you.
You visited 1 branch of the dungeon, and saw 4 of its levels.

You collected 240 gold pieces.

Inventory:

Hand Weapons
 a - a +0 mace (weapon)
Missiles
 i - 99 stones
 q - 20 poisoned darts (quivered)
 s - 5 boomerangs
Armour
 b - a +0 animal skin (worn)
Jewellery
 e - a ring of protection from fire (left claw)
 k - a +6 ring of strength (right claw)
Scrolls
 d - a scroll of summoning {unknown}
 f - a scroll of silence {unknown}
 g - a scroll of immolation
 h - 5 scrolls of teleportation {unknown}
 m - a scroll of noise {unknown}
 n - a scroll of fear {unknown}
 o - a scroll of vulnerability {unknown}
 r - a scroll of enchant armour {unknown}
Potions
 c - 2 potions of lignification {unknown}
 j - a potion of attraction {unknown}
 l - a potion of haste {unknown}
 p - a potion of flight {unknown}


   Skills:
 + Level 3.1 Fighting
 * Level 4.0 Maces & Flails
 + Level 1.5 Throwing
 + Level 3.1 Dodging


You had 4 spell levels left.
You didn't know any spells.
Your spell library was empty.

Dungeon Overview and Level Annotations

Branches:
Dungeon (4/15)
 Temple: D:4-7

Altars:
Dithmenos

Shops:
D:1 ([[*:


Innate Abilities, Weirdness & Mutations

You are too large for most types of armour.
You have claws for hands.
Your natural rate of healing is unusually fast.
You are covered in fur. (AC +1)
You have tough skin. (AC +1)


Message History

s - 5 boomerangs You enter the shallow water.
Moving in this stuff is going to be slow.
Found a dagger.
There is an open door here.
You open the door.
There is an open door here.
A jelly comes into view.
The jelly quivers.
Found 10 sling bullets.
You hit the jelly.
Your claws burn!
The jelly is moderately wounded.
The jelly hits you but does no damage.
You barely miss the jelly.
The jelly is moderately wounded.
The jelly hits you but does no damage.
You barely miss the jelly.
The jelly is moderately wounded.
The jelly barely misses you.
You hit the jelly. The acid corrodes you!
Your claws burn!
The jelly is moderately wounded.
The jelly hits you. The acid corrodes you!
You are splashed with acid.
The jelly hits you. The acid corrodes you!
You are splashed with acid!
You hit the jelly but do no damage. The acid corrodes you!
Your claws burn!
The jelly is moderately wounded.
The jelly closely misses you.
You hit the jelly but do no damage.
Your claws burn!
The jelly is moderately wounded.
The jelly barely misses you.
You hit the jelly.
Your claws burn!
The jelly is heavily wounded.
The jelly hits you.
You are splashed with acid!
* * * LOW HITPOINT WARNING * * *
You hit the jelly.
Your claws burn!
* * * LOW HITPOINT WARNING * * *
The jelly is heavily wounded.
The jelly hits you.
* * * LOW HITPOINT WARNING * * *
You are splashed with acid!
You die...

#.# #........#. #.#
#........#. #.#
#..........
#.########.######..
#.#........# ..
#.#(........ ..
#.#.......
#.#.......
#.@.......
###J...... .......
....... .......
.###### .. ##


You could see a jelly.

Vanquished Creatures
  A scorpion (D:4)
  3 adders (D:3)
  3 worms (D:2)
  A dart slug (D:2)
  2 orcs (D:4)
  5 ball pythons
  7 endoplasms
  3 giant cockroaches
  6 hobgoblins
  5 kobolds
  A quokka (D:2)
  12 bats
  3 frilled lizards
  11 goblins
  7 rats
70 creatures vanquished.

Vanquished Creatures (others)
  A plant (D:4)
1 creature vanquished.

Grand Total: 71 creatures vanquished

Notes
Turn   | Place    | Note
-------+----------+-------------------------------------------
     0 | D:1      | fragbeetle the Troll Berserker began the quest for the Orb.
     0 | D:1      | Reached XP level 1. HP: 22/22 MP: 0/0
     7 | D:1      | Found Gosk's Armour Shop.
    89 | D:1      | Reached XP level 2. HP: 29/29 MP: 1/1
   110 | D:1      | Found a faded altar of an unknown god.
   118 | D:1      | Reached skill level 3 in Maces & Flails
   177 | D:1      | Found Xoexosull's Book Boutique.
   505 | D:1      | Found Ehuvich's Antique Armour Boutique.
   554 | D:1      | Found Yrryrof's Weapon Boutique.
   576 | D:1      | Reached ** piety under Trog
   817 | D:1      | Found Celur's General Store.
   969 | D:2      | Reached XP level 3. HP: 36/36 MP: 2/2
  1562 | D:2      | Reached XP level 4. HP: 44/44 MP: 3/3
  1732 | D:3      | Reached skill level 1 in Throwing
  1781 | D:3      | Found a shadowy altar of Dithmenos.
  1962 | D:3      | You fall into a shaft and drop 1 floor!
  2278 | D:4      | Noticed a scorpion
  2287 | D:4      | Killed a scorpion
  2288 | D:4      | Reached skill level 4 in Maces & Flails
  2288 | D:4      | Reached XP level 5. HP: 53/53 MP: 4/4
  2402 | D:4      | Reached *** piety under Trog
  2449 | D:4      | Splashed by a jelly's acid

Illustrated notes

Levels and vault maps discovered:
D:1:      nzn_arrival_water_spiral, layout_basic, serial_glass, glass_columns_a,
          glass_columns_a, serial_shops, shop, shop, shop,
          nicolae_shop_window_shopping, nicolae_shop_hallway_plus,
          hellmonk_ecumenical_altar_blasted, serial_bayou_pond_e,
          minmay_misc_feat_rugged
D:2:      layout_loops_ring, minmay_goblin_outpost
D:3:      layout_rooms, nicolae_dithmenos_the_darkroom
D:4:      layout_basic, serial_bayou, serial_bayou_pond_e, serial_bayou_pond_e,
          serial_bayou_pond_a, serial_bayou_lagoon_a,
          hangedman_decor_clover_reticule, chequers_serial_rivers_large_b,
          st_stairs_8

Skill      XL: |  1  2  3  4 |
---------------+-------------+-----
Maces & Flails | 3 4 |  4.0
Throwing       | 1 |  1.5
Dodging        | 3 |  3.1
Fighting       | 3 |  3.1

Action                   |  1- 3 |  4- 6 || total
-------------------------+-------+-------++-------
Melee: Mace              |   152 |    66 ||   218
       Punch             |     2 |       ||     2
Throw: Stone             |       |     7 ||     7
       Dart              |       |     3 ||     3
Invok: Berserk           |       |     1 ||     1
 Stab: Sleeping          |     2 |       ||     2
Armor: Animal skin       |    76 |    25 ||   101
Dodge: Dodged            |   111 |    29 ||   140

Table legend: (Time is in decaauts)
 A = Elapsed time spent in this place.
 B = Non-inter-level travel time spent in this place.
 C = Inter-level travel time spent in this place.
 D = Time resting spent in this place.
 E = Time spent auto-exploring this place.
 F = Levels seen in this place.
 G = Mean time per level.
                   A        B        C        D        E       F      G
               +--------+--------+--------+--------+--------+-----+--------+
         Total |   2508 |   2367 |    141 |     10 |   1492 |   4 |  627.0 |
       Dungeon |   2508 |   2367 |    141 |     10 |   1492 |   4 |  627.0 |
               +--------+--------+--------+--------+--------+-----+--------+

Top non-repeatable levels by time:
     D:1: 960 daAuts
     D:2: 800 daAuts
     D:3: 452 daAuts
     D:4: 294 daAuts
